Workbook

Sheet MENU PLANILHA
A1: PRÓ-REITORIA DE ADMINISTRAÇÃO
A2: COORDENAÇÃO DE CONTRATOS
A4: Contratação de empresa para prestação de serviços continuados de Apoio Operacional, com regime de dedicação exclusiva de mão de obra, com fornecimento de materiais de reposição e atendimento das áreas verdes/jardins na Universidade Federal Fluminense (Niterói e interior do estado do RJ.)
A5: LOTE 1 - ÁREA VERDE
E15: dos Equipamentos (preenchimento licitante)

Sheet Anexo II-A Dist. Postos
A1: PRÓ-REITORIA DE ADMINISTRAÇÃO
A2: COORDENAÇÃO DE CONTRATOS
A4: Anexo II - A - DISTRIBUIÇÃO DOS POSTOS POR LOCALIDADE
A5: Contratação de empresa para prestação de serviços continuados de Apoio Operacional, com regime de dedicação exclusiva de mão de obra, com fornecimento de materiais de reposição e atendimento das áreas verdes/jardins na Universidade Federal Fluminense (Niterói e interior do estado do RJ.)
A7: Custo total da mão de obra (permanente)
A8: ORDEM | B8: DISCRIMINAÇÃO DO POSTO | C8: CBO | D8: QUANT POSTOS | E8: FUNCIONÁRIOS | F8: UNIDADE | G8: MUNICÍPIO
A9: 1 | B9: Tratorista - 40 horas semanais | C9: 6410-15 | D9: 1 | E9: =D9 -> 1 | F9: Proad | G9: Niterói
A10: 2 | B10: Auxiliar de Jardinagem | C10: 9922-25 | D10: 15 | E10: =D10 -> 15 | F10: Proad | G10: Niterói
A11: 3 | B11: Operador de Moto-poda | C11: 6410-10 | D11: 2 | E11: =D11 -> 2 | F11: Proad | G11: Niterói
A12: 4 | B12: Operador de roçadeira | C12: 9922-25 | D12: 4 | E12: =D12 -> 4 | F12: Proad | G12: Niterói
A13: 5 | B13: Operador de Moto-serra | C13: 6321-20 | D13: 2 | E13: =D13 -> 2 | F13: Proad | G13: Niterói
A14: 6 | B14: Operador de roçadeira | C14: 9922-25 | D14: 3 | E14: =D14 -> 3 | F14: NEIG | G14: Iguaba Grande
A15: 7 | B15: Operador de roçadeira | C15: 9922-25 | D15: 1 | E15: =D15 -> 1 | F15: IEAR | G15: Angra dos Reis
A16: 8 | B16: Operador de roçadeira | C16: 9922-25 | D16: 2 | E16: =D16 -> 2 | F16: ESR | G16: Campos dos Goytacazes
A17: 9 | B17: Operador de roçadeira | C17: 9922-25 | D17: 1 | E17: =D17 -> 1 | F17: ICM | G17: Macaé
A18: 10 | B18: Operador de roçadeira | C18: 9922-25 | D18: 1 | E18: =D18 -> 1 | F18: PEP | G18: Petrópolis
A19: 11 | B19: Operador de roçadeira | C19: 9922-25 | D19: 1 | E19: =D19 -> 1 | F19: ICT | G19: Rio das Ostras
A20: 12 | B20: Operador de roçadeira | C20: 9922-25 | D20: 1 | E20: =D20 -> 1 | F20: ISNF | G20: Nova Friburgo
... A22: 14 | B22: Operador de roçadeira | C22: 9922-25 | D22: 1 | E22: =D22 -> 1 | F22: INFES | G22: Sto. Antônio de Pádua
A23: TOTAL | D23: =SUM(D9:D22) -> 37 | E23: =SUM(E9:E22) -> 37

Sheet Anexo II-B Endereço
A1: PRÓ-REITORIA DE ADMINISTRAÇÃO
A2: COORDENAÇÃO DE CONTRATOS
A4: Anexo II - B - ENDEREÇO DAS UNIDADES
A5: Contratação de empresa para prestação de serviços continuados de Apoio Operacional, com regime de dedicação exclusiva de mão de obra, com fornecimento de materiais de reposição e atendimento das áreas verdes/jardins na Universidade Federal Fluminense (Niterói e interior do estado do RJ.)
A7: Item | B7: Descrição | C7: Prédio | D7: Endereço
A8: 1 | B8: Reitoria | C8: 1 | D8: Prédio Principal: 8 andares | E8: Rua Miguel de Frias, 9 - Icaraí - Niterói - RJ
C9: 2 | D9: Perícia Médica | E9: Av. Miguel de Frias, 77 - Icaraí - Niterói
B10: Campus do Valonguinho | C10: 3 | D10: Escola de Extensão, Protocolo e outros | E10: Av. Visconde do Rio Branco s/n.º, bairro Centro, Niterói - RJ
C11: 4 | D11: Biblioteca Central e DCE
C12: 5 | D12: Facu. Administração (antiga matematica)
C13: 6 | D13: Dispensário “Mazine Bueno”
C14: 7 | D14: Núcleo de Animais de Laboratório - NAL
C15: 8 | D15: LANTE
C16: 9 | D16: Faculdades de Nutrição e Administração
C17: 10 | D17: Faculdade de Odontologia
C18: 11 | D18: Pórtico de Entrada Valonguinho
B19: Complexo Instituto de Química | C19: 12 | D19: Instituto de Química | E19: Av. Visconde do Rio Branco s/n.º, bairro Centro, Niterói - RJ
C20: 13 | D20: Instituto de Química
B21: Complexo Inst. Biomédico | C21: 14 | D21: Bloco B - DST | E21: Av. Visconde do Rio Branco s/n.º, bairro Centro, Niterói - RJ
C22: 15 | D22: Bloco C - Salas de Aula
C23: 16 | D23: Bloco D - Anatômico
C24: 17 | D24: Bloco E - Pesquisas
C25: 18 | D25: Bloco A - Prédio Central | E25: Rua Professor Hernani Mello, 101 São Domingos Niterói – RJ
B26: Complexo Inst. Biologia | C26: 19 | D26: Instituto de Biologia Bloco Principal | E26: Av. Visconde do Rio Branco s/n.º, bairro Centro, Niterói - RJ
C27: 20 | D27: Instituto de Biologia Bloco Anexo
C28: 21 | D28: Prédio Salas de Aulas Biologia (Antigo Inst. Física)
B29: Campus do Gragoatá | C29: 23 | D29: Bloco D - Faculdade de Educação | E29: Av. Visconde do Rio Branco s/n.º, bairro de São Domingos, Niterói - RJ
C30: 24 | D30: Bloco E - Escola de Serviço Social
C31: 25 | D31: Bloco F - Faculdade de Economia
C32: 26 | D32: Bloco G - Instituto de Matemática e Estatística e Faculdade de Turismo
C33: 27 | D33: Bloco H - Faculdade de Turismo e Hotelaria
C34: 28 | D34: Biologia NOVO Bloco M - Gragoatá
C35: 29 | D35: Superintendência de Documentação - SDC
C36: 30 | D36: Faculdade de Educação Física - FACDEF
C37: 31 | D37: Pórtico Faculdade de Educação Física
C38: 32 | D38: Pórtico Principal Campus Gragoatá
B39: Complexo ICHF | C39: 33 | D39: Bloco N - Instituto de Ciências Humanas e Filosofia - ICHF | E39: R. Alexandre Moura, 8 - São Domingos, Niterói - RJ, 24210-200
C40: 34 | D40: Bloco O - Instituto de Ciências Humanas e Filosofia - ICHF
C41: 35 | D41: Bloco P - Instituto de Ciências Humanas e Filosofia - ICHF
B42: Complexo Instituto de Letras | C42: 36 | D42: Bloco B - Instituto de Letras | E42: R. Alexandre Moura, 8 - São Domingos, Niterói - RJ, 24210-200
C43: 37 | D43: Bloco C - Instituto de Letras
B44: Campus da Praia Vermelha | C44: 38 | D44: Escola de Arquitetura (e anexos) | E44: Rua Passo da Pátria, n.º 156, bairro São Domingos, Niterói - RJ
C45: 39 | D45: Instituto de Geociências
C46: 40 | D46: Biblioteca do Campus
C47: 41 | D47: Horto Viveiro
C48: 42 | D48: Pórtico Passos da Pátria
C49: 43 | D49: Pórtico Boa Viagem
C50: 44 | D50: Pórtico Avenida Litorânea
B51: Complexo Escola de Engenharia | C51: 45 | D51: Bloco D - Escola de Engenharia - Niterói | E51: Rua Passo da Pátria, n.º 156, bairro São Domingos, Niterói - RJ
C52: 46 | D52: Bloco E - Escola de Engenharia Niterói
B53: Complexo Instituto de Computação | C53: 47 | D53: Instituto de Computação - Laboratórios | E53: Rua Passo da Pátria, n.º 156, bairro São Domingos, Niterói - RJ
C54: 48 | D54: Instituto de Computação - Salas de Aula UFAS
C55: 49 | D55: ADDLABS
B56: Complexo Instituto de Física | C56: 50 | D56: Instituto de Física - Bloco F | E56: Rua Passo da Pátria, n.º 156, bairro São Domingos, Niterói - RJ
C57: 51 | D57: UFASA Física
B58: Complexo PROAES | C58: 52 | D58: Restaurante Universitário - Gragoatá | E58: Av. Visconde do Rio Branco s/n.º, bairro de São Domingos, Niterói - RJ
C59: 53 | D59: Restaurante Universitário - Praia Vermelha | E59: Rua Passo da Pátria, n.º 156, bairro São Domingos, Niterói - RJ
C60: 54 | D60: Restaurante Universitário - HUAP | E60: Rua Marquês de Paraná 303 - Centro, Niterói - RJ
C61: 55 | D61: Restaurante Universitário - Reitoria | E61: Rua Miguel de Frias, 9 - Icaraí - Niterói - RJ
C62: 56 | D62: Moradia Estudantil - Niterói | E62: Av. Visconde do Rio Branco s/n.º, bairro de São Domingos, Niterói - RJ
C63: 57 | D63: Moradia Estudantil - Rio das Ostras | E63: Rua Recife. Quadra 07, Jardim Bela Vista, Rio das Ostras - RJ
B64: UNIDADES ISOLADAS NITERÓI | C64: 58 | D64: Instituto de Artes e Comunicação Social - IACS | E64: Rua Lara Vilela, 126 - São Domingos, Niterói - RJ
C65: 59 | D65: Arquivo SDC - Jurujuba | E65: Av. Bento Maria da Costa, 115 A - Jurujuba, Niterói - RJ
C66: 60 | D66: CRIAA - Barreto | E66: Rua General Castrioto, 588, Barreto, Niterói - RJ
C67: 61 | D67: CAJUFF e NEPHU | E67: Almirante Teffé, 637, Centro, Niterói - RJ
C68: 62 | D68: Escola de Enfermagem | E68: Rua Dr. Celestino,78- Centro, Niterói - RJ
C69: 63 | D69: Faculdade de Medicina | E69: Rua Marquês de Paraná 303 - Centro, Niterói - RJ
C70: 64 | D70: Instituto de Saúde da Comunidade | E70: Rua Marquês de Paraná, 303 - Centro, Niterói - RJ
C71: 65 | D71: Mequinho | E71: Av. Jansem de Mello, 174/Fundos – Centro, Niterói - RJ
B72: Complexo Fac. Direito | C72: 66 | D72: Faculdade de Direito | E72: Rua Presidente Pedreira,62 - Ingá, Niterói - RJ
C73: 67 | D73: Faculdade de Direito II | E73: Rua Tiradentes, 17 - Ingá, Niterói - RJ
B74: Complexo Fac. Farmácia | C74: 68 | D74: Faculdade de Farmácia | E74: Rua Mário Viana. 523 - Santa Rosa, Niterói - RJ
C75: 69 | D75: Farmácia Universitária | E75: Rua Marquês do Paraná, 282 – Centro, Niterói - RJ
B76: Complexo COLUNI | C76: 70 | D76: Colégio Universitário Geraldo Reis - COLUNI | E76: Rua Alexandre Moura, 8 - São Domingos, Niterói - RJ
C77: 71 | D77: Creche UFF | E77: R. Alexandre Moura, 8 - São Domingos, Niterói - RJ, 24210-200
B78: Complexo PROGRAD | C78: 72 | D78: Bloco A - UFASA PROGRAD Gragoatá | E78: R. Alexandre Moura, 8 - São Domingos, Niterói - RJ, 24210-200
C79: 73 | D79: Bloco H - UFFASA PROGRAD - Praia Vermelha | E79: Rua Passo da Pátria, n.º 156, bairro São Domingos, Niterói - RJ
B80: Unidades do Interior | C80: 74 | D80: Escola de Engenharia de Petrópolis | E80: Rua Domingos Silvério, sn. Quitandinha - Petrópolis
C81: 75 | D81: Instituto de Saúde de Nova Friburgo (incluindo unidade de Fonoaudiologia) | E81: Rua Dr. Silvio Henrique Braune, 22, Centro, Nova Friburgo - RJ
C82: 76 | D82: Instituto do Noroeste Fluminense e Educação Superior | E82: Rua Chaim Elias, s/n.º, Centro, Santo Antônio de Pádua - RJ
C83: 77 | D83: Instituto de Ciência e Tecnologia - ICT | E83: Rua Recife. Quadra 07, Jardim Bela Vista, Rio das Ostras - RJ
C84: 78 | D84: Instituto de Humanidades e Saúde - IHS | E84: Rua Recife. Quadra 07, Jardim Bela Vista, Rio das Ostras - RJ
C85: 79 | D85: Serviço de Psicologia Aplicada (SPA) Rio das Ostras | E85: Rua Recife. Quadra 07, Jardim Bela Vista, Rio das Ostras - RJ
C86: 80 | D86: Pólo Univ. de Macaé (incluindo prédio novo) | E86: Av. Aluízio da Silva Gomes, 50 - Granja dos Cavaleiros - Macaé
C87: 81 | D87: Pólo Campos Goytacazes (incluindo SPA) | E87: Rua José do Patrocínio, 71 - Campos dos Goytacazes - RJ
B88: Complexo Faculdade de Veterinária | C88: 82 | D88: Faculdade de Veterinária | E88: Rua Vital Brazil Filho, 64 - Vital Brazil, Niteroi - RJ
C89: 83 | D89: Hospital Veterinário - HUVET
C90: 84 | D90: Núcleo Experimental de Iguaba | E90: Rod. Amaral Peixoto, Km 100 - Iguaba Grande - RJ
C91: 85 | D91: Fazenda Escola da Faculdade de Veterinária | E91: Rod. RJ 122, Km 32 - Funchal - Cachoeira de Macacu - RJ
B92: Complexo Volta Redonda | C92: 86 | D92: Escola de Engenharia Industrial e Metalúrgica de Volta Redonda | E92: Av. dos Trabalhadores, 420 - Volta Redonda - RJ
C93: 87 | D93: Instituto de Ciências Humanas e Sociais de VR | E93: Rua Desembargador Ellys Hermidyo Figueira 783 - Aterrado - Volta Redonda
C94: 88 | D94: Instituto de Ciências Exatas de VR | E94: Rua Desembargador Ellys Hermidyo Figueira 783 - Aterrado - Volta Redonda
B95: Complexo Angra dos Reis | C95: 89 | D95: Instituto de Educação de Angra dos Reis | E95: Av. do Trabalhador, 179 - Jacuecanga - Angra dos Reis
C96: 90 | D96: Angra dos Reis II | E96: Av. Vereador Benedito Adelino - Retiro, Angra dos Reis - RJ

Sheet Anexo II-C Salários
A1: PRÓ-REITORIA DE ADMINISTRAÇÃO
A2: COORDENAÇÃO DE CONTRATOS
A4: Anexo II - C - Composição dos salários
A5: Contratação de empresa para prestação de serviços continuados de Apoio Operacional, com regime de dedicação exclusiva de mão de obra, com fornecimento de materiais de reposição e atendimento das áreas verdes/jardins na Universidade Federal Fluminense (Niterói e interior do estado do RJ.)
A7: Item | B7: Descrição/Especificação | C7: Quantidade de Pessoal | D7: CCT ASSEIO
A8: 1 | B8: Operador de roçadeira | C8: 17 | D8: 1709.65
A9: 2 | B9: Auxiliar de Jardinagem | C9: 15 | D9: 1709.65
A10: 3 | B10: Operador de Moto-serra | C10: 2 | D10: 1709.65
A11: 4 | B11: Tratorista | C11: 1 | D11: 1709.65
A12: 5 | B12: Operador de Moto-poda | C12: 2 | D12: 1709.65
A13: TOTAL | C13: =SUM(C8:C12) -> 37

Sheet Anexo III-A Equip.
A1: PRÓ-REITORIA DE ADMINISTRAÇÃO
A2: COORDENAÇÃO DE CONTRATOS
A4: Anexo III - A - PLANILHA DE COMPOSIÇÃO DE CUSTOS E FORMAÇÃO DE PREÇOS (Anexo VII da I.N. da SLTI/MPOG n.º 5 de 26/Maio/2017
A5: Contratação de empresa para prestação de serviços continuados de Apoio Operacional, com regime de dedicação exclusiva de mão de obra, com fornecimento de materiais de reposição e atendimento das áreas verdes/jardins na Universidade Federal Fluminense (Niterói e interior do estado do RJ.)
A7: Disponibilização de Equipamentos para os postos de Operador de roçadeira, Operador de Motopoda
A8: Item | B8: Descrição | D8: Qnt | E8: Valor unitário | F8: Valor Total | G8: Depreciação
A9: 1 | B9: ROÇADEIRA MANUAL, TIPO MOTOR GASOLINA, POTÊNCIA MOTOR 1,7 KW, TIPO CORTADOR FIO NÁILON E/OU LÂMINA AÇO, ROTAÇÃO 12.300 RPM, PESO APROXIMADO 7,30 KG, CARACTERÍSTICAS ADICIONAIS LATERAL, APLICAÇÃO CORTE GRAMA, CAPIM, PASTO, ARBUSTO, CAPOEIRAS E P E, TIPO COSTAL | D9: 15 | E9: 1053.56 | F9: =E9*D9 -> 15803.4 | G9: 60 meses
A10: 2 | B10: MotoPoda Stihl HT 75 ou similar | D10: 2 | E10: 2547.57 | F10: =E10*D10 -> 5095.14 | G10: 60 meses
A11: 3 | B11: Relógio de ponto eletrônico Biométrico | D11: 1 | E11: 1226.64 | F11: =E11*D11 -> 1226.64 | G11: 60 meses
A12: 6 | B12: CARRINHO DE MÃO CAÇAMBA QUADRADA METÁLICA REFORÇADA, 65 LITROS, com um ótimo acabamento, direcionado para uso geral, principalmente para construção civil, caçamba quadrada metálica reforçada de 0,9mm (chapa 20), com capacidade para 65 litros, braço metálico tubular de 1,5mm, pneu com câmara. | D12: 17 | E12: 136 | F12: =E12*D12 -> 2312 | G12: 60 meses
A13: Total dos equipamentos sem depreciação | F13: =SUM(F9:F12) -> 24437.18
A14: Depreciação dos equipamentos - 60 meses | F14: =F13/60 -> 407.28633
A15: Total dos equipamentos por mês | F15: =F14 -> 407.28633
A16: Custo por posto = Soma da depreciação por 17 Op. Roçadeira, 2 Op. MotoPoda = 19 postos | F16: =F15/19 -> 21.436123
A17: Depreciação com base na INSTRUÇÃO NORMATIVA RFB Nº 1700, DE 14 DE MARÇO DE 2017 da Secretaria da Receita Federal do Brasil
A20: Disponibilização de Equipamentos para os postos de Operador de motoserra
A21: Item | B21: Descrição | D21: Qnt | E21: Valor unitário | F21: Valor Total | G21: Depreciação
A22: 1 | B22: Moto Serra Stihl MS 661 ou similar, 63 cm ou superior | D22: 2 | E22: =(5229+5279+5089)/3 -> 5199 | F22: =E22*D22 -> 10398 | G22: 60 meses
A23: Total dos equipamentos sem depreciação | F23: =SUM(F22:F22) -> 10398
A24: Depreciação dos equipamentos - 60 meses | F24: =F23/60 -> 173.3
A25: Total dos equipamentos por mês | F25: =F24 -> 173.3
A26: Custo por posto = Soma da depreciação por 2 operadores de Moto Serra | F26: =F25/2 -> 86.65
A27: Depreciação com base na INSTRUÇÃO NORMATIVA RFB Nº 1700, DE 14 DE MARÇO DE 2017 da Secretaria da Receita Federal do Brasil

Sheet Anexo III-B Uniformes
A1: PRÓ-REITORIA DE ADMINISTRAÇÃO
A2: COORDENAÇÃO DE CONTRATOS
A4: Anexo III - B - PLANILHA DE COMPOSIÇÃO DE CUSTOS E FORMAÇÃO DE PREÇOS
A5: Contratação de empresa para prestação de serviços continuados de Apoio Operacional, com regime de dedicação exclusiva de mão de obra, com fornecimento de materiais de reposição e atendimento das áreas verdes/jardins na Universidade Federal Fluminense (Niterói e interior do estado do RJ.)
A9: COMPOSIÇÃO DE CUSTO DE UNIFORME E EPIS PARA O CARGO DE TRATORISTA, OPERADOR DE MOTO PODA, OPERADOR DE ROÇADEIRA
A10: ITEM | B10: DISCRIMINAÇÃO UNIFORME | C10: ITEM | D10: QUANT.INICIAL | E10: QT. SEMESTRE | F10: QUANT. ANUAL | G10: VALOR UNITÁRIO | H10: VALOR TOTAL
A11: 1 | B11: Calça comprida com elástico e cordão, de tecido em brim profissional e resistente 100% algodão, na cor azul escuro (base 518 da Santista). | C11: peça | D11: 3 | E11: 2 | F11: =D11+E11 -> 5 | G11: 48 | H11: =G11*F11 -> 240
A12: 2 | B12: Camisa azul-claro, com gola em V e manga curta. Malha mercerizada, 100% algodão com emblema da empresa fixado no bolso | C12: peça | D12: 4 | E12: 4 | F12: =D12+E12 -> 8 | G12: 35.87 | H12: =G12*F12 -> 286.96
A13: 3 | B13: Meia Vestuário,, Material: Algodão, Poliamida E Elastano, Tipo: Social, Cor: Variada, Tamanho: Sob Medida | C13: par | D13: 6 | E13: 6 | F13: =D13+E13 -> 12 | G13: 6.98 | H13: =G13*F13 -> 83.76
A14: 4 | B14: Botina de segurança com elástico coberto, cabedal confeccionado em couro curtido ao cromo, com forração em sintético, palmilha de montagem em sintético fixada pelo processo strobel, solado de PU, Bi densidade, bicolor (chumbo / preto) injetado diretamente ao cabedal. Marca Marluvas ou similar. | C14: peça | D14: 2 | E14: 1 | F14: =D14+E14 -> 3 | G14: 51.4 | H14: =G14*F14 -> 154.2
A15: 5 | B15: Luva de raspa cano curto reforçada, com tira de reforçao externo em raspa entre os dedos polegar e indicador, com reforço interno na palma e face palmar dos dedos, punho de 7 cm, marca Hércules ou similar. | C15: par | D15: 3 | E15: 3 | F15: =D15+E15 -> 6 | G15: 8.36 | H15: =G15*F15 -> 50.16
A16: 6 | B16: Luva de algodão tricotada pigmentada | C16: par | D16: 8 | E16: 8 | F16: =D16+E16 -> 16 | G16: 3.03 | H16: =G16*F16 -> 48.48
A17: 7 | B17: Boné protetor de radiação solar, com protetor para nuca e pescoço | C17: unid. | D17: 2 | E17: 1 | F17: =D17+E17 -> 3 | G17: 21.47 | H17: =G17*F17 -> 64.41
A18: 8 | B18: Toalha de banho 100% algodão | C18: unid. | D18: 3 | E18: 2 | F18: =D18+E18 -> 5 | G18: 21.53 | H18: =G18*F18 -> 107.65
A19: 9 | B19: Protetor Facial WP96 com suspensão com catraca. Visor em policarbonato transparente. Ajuste da circunferência para melhor conforto | C19: unid. | D19: 1 | E19: 1 | F19: =D19+E19 -> 2 | G19: 93.37 | H19: =G19*F19 -> 186.74
A20: 10 | B20: Óculos de segurança com visor, apoio nasal e proteção lateral injetados em uma mesma peça. Visor e hastes em policarbonato incolor; Visor com tratamento anti embaçante. Modelo Virtura marca 3M ou similar. | C20: unid. | D20: 2 | E20: 2 | F20: =D20+E20 -> 4 | G20: 2.74 | H20: =G20*F20 -> 10.96
A21: 11 | B21: Protetor auditivo tipo concha, abafador 3M CA: 29176. 20 dB | C21: unid. | D21: 2 | E21: 2 | F21: =D21+E21 -> 4 | G21: 12.61 | H21: =G21*F21 -> 50.44
A22: 12 | B22: Perneira de segurança confeccionada em duas camadas de material sintético, três talas em pvc frontais fixadas por solda eletrônica, fechamento nas bordas através de viés com costuras e solda eletrônica | C22: par | D22: 1 | E22: 1 | F22: =D22+E22 -> 2 | G22: 20.1 | H22: =G22*F22 -> 40.2
... A25: 15 | B25: Bota Segurança Material: Pvc - Cloreto De Polivinila , Tipo Cano: Longo , Material Sola: Antiderrapante , Cor: Preta , Características Adicionais: Forrada Em Náilon | C25: par | D25: 2 | E25: 1 | F25: =D25+E25 -> 3 | G25: 50.48 | H25: =G25*F25 -> 151.44
B26: Valor anual por funcionário | H26: =SUM(H11:H25) -> 1538.89
B27: Valor mensal por funcionário | H27: =H26/12 -> 128.24083
A30: COMPOSIÇÃO DE CUSTO DE UNIFORME E EPIS PARA O CARGO DE OPERADOR DE MOTO SERRA
A31: ITEM | B31: DISCRIMINAÇÃO UNIFORME | C31: ITEM | D31: QUANT.INICIAL | E31: QT. SEMESTRE | F31: QUANT. ANUAL | G31: VALOR UNITÁRIO | H31: VALOR TOTAL
A32: 1 | B32: Calça comprida com elástico e cordão, de tecido em brim profissional e resistente 100% algodão, na cor azul escuro (base 518 da Santista). | C32: peça | D32: 3 | E32: 2 | F32: =D32+E32 -> 5 | G32: 48 | H32: =G32*F32 -> 240
A33: 2 | B33: Camisa azul-claro, com gola em V e manga curta. Malha mercerizada, 100% algodão com emblema da empresa fixado no bolso | C33: peça | D33: 4 | E33: 4 | F33: =D33+E33 -> 8 | G33: 35.87 | H33: =G33*F33 -> 286.96
A34: 3 | B34: Meia Vestuário,, Material: Algodão, Poliamida E Elastano, Tipo: Social, Cor: Variada, Tamanho: Sob Medida | C34: par | D34: 6 | E34: 6 | F34: =D34+E34 -> 12 | G34: 6.98 | H34: =G34*F34 -> 83.76
A35: 4 | B35: Botina de segurança com elástico coberto, cabedal confeccionado em couro curtido ao cromo, com forração em sintético, palmilha de montagem em sintético fixada pelo processo strobel, solado de PU, Bi densidade, bicolor (chumbo / preto) injetado diretamente ao cabedal. Marca Marluvas ou similar. | C35: peça | D35: 2 | E35: 1 | F35: =D35+E35 -> 3 | G35: 51.4 | H35: =G35*F35 -> 154.2
A36: 5 | B36: Luva de raspa cano curto reforçada, com tira de reforçao externo em raspa entre os dedos polegar e indicador, com reforço interno na palma e face palmar dos dedos, punho de 7 cm, marca Hércules ou similar. | C36: par | D36: 3 | E36: 3 | F36: =D36+E36 -> 6 | G36: 8.36 | H36: =G36*F36 -> 50.16
A37: 6 | B37: Óculos de segurança com visor, apoio nasal e proteção lateral injetados em uma mesma peça. Visor e hastes em policarbonato incolor; Visor com tratamento anti embaçante. Modelo Virtura marca 3M ou similar. | C37: unid. | D37: 2 | E37: 2 | F37: =D37+E37 -> 4 | G37: 2.74 | H37: =G37*F37 -> 10.96
A38: 7 | B38: Protetor auditivo tipo concha, abafador 3M CA: 29176. 20 dB | C38: unid. | D38: 2 | E38: 2 | F38: =D38+E38 -> 4 | G38: 12.61 | H38: =G38*F38 -> 50.44
A39: 8 | B39: Perneira de segurança confeccionada em duas camadas de material sintético, três talas em pvc frontais fixadas por solda eletrônica, fechamento nas bordas através de viés com costuras e solda eletrônica | C39: par | D39: 1 | E39: 1 | F39: =D39+E39 -> 2 | H39: =G39*F39 -> 0
A40: 9 | B40: Capacete com Protetor Facial | C40: unid. | D40: 1 | E40: 1 | F40: =D40+E40 -> 2 | G40: 84.15 | H40: =G40*F40 -> 168.3
A41: 10 | B41: Cinturão de segurança tipo paraquedista confeccionado em fita de poliéster multifilamentos de 45 mm, e fita secundária de poliéster de 25 mm. Possui dois pontos de conexão sendo um ponto peitoral por meio de duas alças para engate simultâneo de ancoragem em poliéster e uma meia argola dorsal em aço. Também possui cinco fivelas duplas em aço, sendo duas para regulagem peitoral, duas para regulagem das coxas e uma para regulagem na cintura. 05 fivelas duplas de ajustes, na cintura, nas pernas e nos ombros; 01 meia-argola com ponto de conexão dorsal; 02 laços frontais para ancoragem; Ajuste peitoral CA: 35513 | C41: unid. | D41: 1 | E41: 1 | F41: =D41+E41 -> 2 | G41: 201.33 | H41: =G41*F41 -> 402.66
A42: 11 | B42: Talabarte de Segurança duplo em forma de “Y” confeccionado em cadarço de material sintético tubular com elástico interno e com absorvedor de energia, dotado de três mosquetões de segurança de dupla trava, sendo dois fixos nas extremidades do Y e um junto ao absorvedor de energia, todos fixos através de costura reforçada. | D42: 1 | E42: 1 | F42: =D42+E42 -> 2 | G42: 95.33 | H42: =G42*F42 -> 190.66
A43: 12 | B43: • Trava-queda em aço inox; • Duplo travamento no corpo; • Alavanca de posicionamento, para subir e descer livremente; • Utilizado para corda de poliamida de 12 mm; • Mola de posicionamento; • Prolongador em corda de poliamida torcida com mosquetão em aço. | D43: 1 | E43: 1 | F43: =D43+E43 -> 2 | G43: 128.7 | H43: =G43*F43 -> 257.4
A44: 13 | B44: Crachá com cordão e fototransparente. | C44: unid. | D44: 1 | E44: 0 | F44: =D44+E44 -> 1 | G44: 8.25 | H44: =G44*F44 -> 8.25
A45: 14 | B45: Corda Plasmodia P48F 12mm, de acordo a NR 35, fabricada sob os padrões da Norma NBR 15986 | C45: rolo 100m | D45: 2 | E45: 1 | F45: =D45+E45 -> 3 | G45: 313.48 | H45: =G45*F45 -> 940.44
A46: 15 | B46: Cinta de Ancoragem Arbo ultra Safe 170 cm | C46: unid. | D46: 1 | E46: 1 | F46: =D46+E46 -> 2 | G46: 64.16 | H46: =G46*F46 -> 128.32
A47: 16 | B47: Freio 8 de Resgaste em Aço | C47: unid. | D47: 1 | E47: 1 | F47: =D47+E47 -> 2 | G47: 64.74 | H47: =G47*F47 -> 129.48
A48: 17 | B48: Anel de fita 200cm 50KN, de acordo com a NBR 16325-1B | C48: unid. | D48: 1 | E48: 1 | F48: =D48+E48 -> 2 | G48: 39.98 | H48: =G48*F48 -> 79.96
A49: 18 | B49: Botina de segurança com elástico coberto, cabedal confeccionado em couro curtido ao cromo, com forração em sintético, palmilha de montagem em sintético fixada pelo processo strobel, solado de PU, Bi densidade, bicolor (chumbo/ preto) injetado diretamente ao cabedal. Marca Marluvas ou similar | C49: par | D49: 1 | E49: 1 | F49: =D49+E49 -> 2 | G49: 50.48 | H49: =G49*F49 -> 100.96
B50: Valor anual por funcionário | H50: =SUM(H32:H49) -> 3282.91
B51: Valor mensal por funcionário | H51: =H50/12 -> 273.57583
A54: COMPOSIÇÃO DE CUSTO DE UNIFORME E EPIS PARA O CARGO DE AUXILIAR DE JARDINAGEM
A55: ITEM | B55: DISCRIMINAÇÃO UNIFORME | C55: ITEM | D55: QUANT.INICIAL | E55: QT. SEMESTRE | F55: QUANT. ANUAL | G55: VALOR UNITÁRIO | H55: VALOR TOTAL
A56: 1 | B56: Calça comprida com elástico e cordão, de tecido em brim profissional e resistente 100% algodão, na cor azul escuro (base 518 da Santista). | C56: peça | D56: 3 | E56: 2 | F56: =D56+E56 -> 5 | G56: 48 | H56: =G56*F56 -> 240
A57: 2 | B57: Camisa azul-claro, com gola em V e manga curta. Malha mercerizada, 100% algodão com emblema da empresa fixado no bolso | C57: peça | D57: 4 | E57: 4 | F57: =D57+E57 -> 8 | G57: 35.87 | H57: =G57*F57 -> 286.96
A58: 3 | B58: Meia Vestuário,, Material: Algodão, Poliamida E Elastano, Tipo: Social, Cor: Variada, Tamanho: Sob Medida | C58: par | D58: 6 | E58: 6 | F58: =D58+E58 -> 12 | G58: 6.98 | H58: =G58*F58 -> 83.76
A59: 4 | B59: Botina de segurança com elástico coberto, cabedal confeccionado em couro curtido ao cromo, com forração em sintético, palmilha de montagem em sintético fixada pelo processo strobel, solado de PU, Bi densidade, bicolor (chumbo / preto) injetado diretamente ao cabedal. Marca Marluvas ou similar. | C59: peça | D59: 2 | E59: 1 | F59: =D59+E59 -> 3 | G59: 51.4 | H59: =G59*F59 -> 154.2
A60: 5 | B60: Luva de raspa cano curto reforçada, com tira de reforçao externo em raspa entre os dedos polegar e indicador, com reforço interno na palma e face palmar dos dedos, punho de 7 cm, marca Hércules ou similar. | C60: par | D60: 3 | E60: 3 | F60: =D60+E60 -> 6 | G60: 8.36 | H60: =G60*F60 -> 50.16
A61: 6 | B61: Luva de algodão tricotada pigmentada | C61: par | D61: 8 | E61: 8 | F61: =D61+E61 -> 16 | G61: 3.03 | H61: =G61*F61 -> 48.48
A62: 7 | B62: Boné protetor de radiação solar, com protetor para nuca e pescoço | C62: unid | D62: 2 | E62: 1 | F62: =D62+E62 -> 3 | G62: 21.47 | H62: =G62*F62 -> 64.41
A63: 8 | B63: Toalha de banho 100% algodão | C63: unid | D63: 2 | E63: 2 | F63: =D63+E63 -> 4 | G63: 21.53 | H63: =G63*F63 -> 86.12
A64: 9 | B64: Crachá com cordão e fototransparente. | C64: unid. | D64: 1 | E64: 0 | F64: =D64+E64 -> 1 | G64: 8.25 | H64: =G64*F64 -> 8.25
B65: Valor anual por funcionário | H65: =SUM(H56:H64) -> 1022.34
B66: Valor mensal por funcionário | H66: =H65/12 -> 85.195

Sheet Anexo III-C Materiais
A1: PRÓ-REITORIA DE ADMINISTRAÇÃO
A2: COORDENAÇÃO DE CONTRATOS
A4: Anexo III - C - PLANILHA DE COMPOSIÇÃO DE CUSTOS E FORMAÇÃO DE PREÇOS
A5: Contratação de empresa para prestação de serviços continuados de Apoio Operacional, com regime de dedicação exclusiva de mão de obra, com fornecimento de materiais de reposição e atendimento das áreas verdes/jardins na Universidade Federal Fluminense (Niterói e interior do estado do RJ.)
A9: COMPOSIÇÃO DE CUSTO DE MATERIAIS PARA O POSTO DE AUXILIAR DE JARDINAGEM
A10: ITEM | B10: DISCRIMINAÇÃO UNIFORME | C10: ITEM | D10: QUANT.INICIAL | E10: QT. SEMESTRE | F10: QUANT. ANUAL | G10: VALOR UNITÁRIO | H10: VALOR TOTAL
A11: 1 | B11: Cone 75 cm de altura, material em polietileno. 37 cm de comprimento e 37 cm de largura. Preto e amarelo, base quadrada | C11: unid. | D11: 15 | E11: 0 | F11: =D11+E11 -> 15 | G11: 20.31 | H11: =G11*F11 -> 304.65
A12: 2 | B12: Sacos de mudas 20 x 26 | C12: KG | D12: 15 | E12: 0 | F12: =D12+E12 -> 15 | G12: 25.5 | H12: =G12*F12 -> 382.5
A13: 3 | B13: Sacos de mudas 20 x 15 | C13: KG | D13: 15 | E13: 0 | F13: =D13+E13 -> 15 | G13: 24.73 | H13: =G13*F13 -> 370.95
A14: 4 | B14: Tesoura de cortar grama | C14: unid. | D14: 15 | E14: 0 | F14: =D14+E14 -> 15 | G14: 28.29 | H14: =G14*F14 -> 424.35
A15: 5 | B15: Tesoura de poda | C15: unid. | D15: 15 | E15: 0 | F15: =D15+E15 -> 15 | G15: 20.51 | H15: =G15*F15 -> 307.65
A16: 6 | B16: Sacho com cabo | C16: unid. | D16: 15 | E16: 0 | F16: =D16+E16 -> 15 | G16: 23.47 | H16: =G16*F16 -> 352.05
A17: 7 | B17: Sacos de rafia para transporte de substrato ( 80 x 60 cm) | C17: unid. | D17: 300 | E17: 0 | F17: =D17+E17 -> 300 | G17: 4.43 | H17: =G17*F17 -> 1329
A18: 8 | B18: Mangueira de jardim trançada ¾ 50 m | C18: unid. | D18: 2 | E18: 0 | F18: =D18+E18 -> 2 | G18: 121.69 | H18: =G18*F18 -> 243.38
A19: 9 | B19: Ligação Reparadora Para Mangueiras 3/4" Tramontina | C19: unid. | D19: 4 | E19: 0 | F19: =D19+E19 -> 4 | G19: 3 | H19: =G19*F19 -> 12
A20: 10 | B20: Picareta no. 4 com cabo de madeira 90 cmcom | C20: unid. | D20: 3 | E20: 0 | F20: =D20+E20 -> 3 | G20: 64.9 | H20: =G20*F20 -> 194.7
A21: 11 | B21: Vassoura de piaçava com cabo | C21: unid. | D21: 15 | E21: 0 | F21: =D21+E21 -> 15 | G21: 14.57 | H21: =G21*F21 -> 218.55
A22: 12 | B22: Lona para transporte de residuos 120 micra, comprimento 100 metros, e largura 4 metros | C22: rolo | D22: 10 | E22: 0 | F22: =D22+E22 -> 10 | G22: 226.55 | H22: =G22*F22 -> 2265.5
... A26: 16 | B26: Enxada Material: Aço Carbono , Largura: 18 CM, Material Cabo: Madeira | C26: unid. | D26: 15 | E26: 0 | F26: =D26+E26 -> 15 | G26: 24.83 | H26: =G26*F26 -> 372.45
B27: Valor anual por funcionário | H27: =SUM(H11:H26) -> 8177.68
B28: Valor mensal | H28: =H27/12 -> 681.47333
B29: Custo do Posto = VALOR MENSAL/15 | H29: =H28/15 -> 45.431556
A31: COMPOSIÇÃO DE CUSTO DE MATERIAIS PARA OS POSTOS DE OPERADOR DE ROÇADEIRA E MOTO PODA
A32: ITEM | B32: DISCRIMINAÇÃO UNIFORME | C32: ITEM | D32: QUANT.INICIAL | E32: QT. SEMESTRE | F32: QUANT. ANUAL | G32: VALOR UNITÁRIO | H32: VALOR TOTAL
A33: 1 | B33: Fita plástica de polietileno, zebrada, amarela e preto, Largura 70 mm e comprimento 200 metros | C33: Rolo | D33: 17 | E33: 0 | F33: =D33+E33 -> 17 | G33: 8.32 | H33: =G33*F33 -> 141.44
A34: 2 | B34: Cone 75 cm de altura, material em polietileno. 37 cm de comprimento e 37 cm de largura. Preto e amarelo, base quadrada | C34: unid. | D34: 17 | E34: 0 | F34: =D34+E34 -> 17 | G34: 20.31 | H34: =G34*F34 -> 345.27
A35: 3 | B35: Tesoura de poda | C35: unid. | D35: 17 | E35: 0 | F35: =D35+E35 -> 17 | G35: 20.51 | H35: =G35*F35 -> 348.67
A36: 4 | B36: Vassoura de piaçava com cabo | C36: unid. | D36: 15 | E36: 0 | F36: =D36+E36 -> 15 | G36: 14.57 | H36: =G36*F36 -> 218.55
A37: 5 | B37: Lona para transporte de residuos 120 micra, comprimento 100 metros, e largura 4 metros | C37: rolo | D37: 17 | E37: 0 | F37: =D37+E37 -> 17 | G37: 226.55 | H37: =G37*F37 -> 3851.35
A38: 6 | B38: vassoura de grama metalica, regulável, 14 dentes | C38: unid. | D38: 15 | E38: 0 | F38: =D38+E38 -> 15 | G38: 24.59 | H38: =G38*F38 -> 368.85
A39: 7 | B39: Nylon Roçadeira (Rolos = 200 metros). | C39: Rolo | D39: 15 | E39: 0 | F39: =D39+E39 -> 15 | G39: 118.07 | H39: =G39*F39 -> 1771.05
A40: 8 | B40: FOICE ROÇADEIRA, COM CABO DE MADEIRA 120 CM | C40: unid. | D40: 17 | E40: 0 | F40: =D40+E40 -> 17 | G40: 46.63 | H40: =G40*F40 -> 792.71
A41: 9 | B41: PÁ QUADRADA METÁLICA COM CABO DE MADEIRA | C41: unid. | D41: 17 | E41: 0 | F41: =D41+E41 -> 17 | G41: 41.27 | H41: =G41*F41 -> 701.59
A42: 10 | B42: Enxada Material: Aço Carbono , Largura: 18 CM, Material Cabo: Madeira | C42: unid. | D42: 17 | E42: 0 | F42: =D42+E42 -> 17 | G42: 24.83 | H42: =G42*F42 -> 422.11
B43: Valor anual por funcionário | H43: =SUM(H33:H42) -> 8961.59
B44: Valor mensal | H44: =H43/12 -> 746.79917
B45: Custo do Posto = VALOR MENSAL/19 | H45: =H44/19 -> 39.305219

Sheet An IV A Custo G1
A1: PRÓ-REITORIA DE ADMINISTRAÇÃO
A2: COORDENAÇÃO DE CONTRATOS
A4: Anexo IV-A - FORMAÇÃO CUSTOS POSTOS GRUPO 1
A5: Contratação de empresa para prestação de serviços continuados de Apoio Operacional, com regime de dedicação exclusiva de mão de obra, com fornecimento de materiais de reposição e atendimento das áreas verdes/jardins na Universidade Federal Fluminense (Niterói e interior do estado do RJ.)
A6: MÃO-DE-OBRA VINCULADA À EXECUÇÃO CONTRATUAL
A7: Dados para composição dos custos referentes a mão de obra
A8: Regime tributário da Licitante | C8: Documento Comprobatório *Anexar Comprovante
A11: ACT/CCT/DCT inclusive aditivos se houver
A12: Entidade Sindical da Empresa
A13: Entidade Sindical dos Empregados
A14: Número de Registro
A15: Início Vigência
A16: Fim Vigência
A18: Descrição Cargos
A19: Dias/Mês | B19: Posto | C19: CBO | D19: Salário
A20: 20.88 | B20: Operador de roçadeira / Moto Poda | C20: 9192-05 | D20: ='Anexo II-C Salários'!D8 -> 1709.65
A21: 20.88 | B21: Auxiliar de Jardinagem | C21: 9922-25 | D21: ='Anexo II-C Salários'!D9 -> 1709.65
A22: 20.88 | B22: Tratorista | C22: 6410-15 | D22: ='Anexo II-C Salários'!D11 -> 1709.65
A23: 20.88 | B23: Operador de Moto-serra | C23: 6321-20 | D23: ='Anexo II-C Salários'!D10 -> 1709.65
A25: MÓDULO 1 : COMPOSIÇÃO DA REMUNERAÇÃO | D25: Operador de Roçadeira / Motopoda | E25: Auxiliar de Jardinagem | F25: Tratorista | G25: Operador MotoSerra
A26: 1 | B26: Composição da Remuneração | D26: Valor(R$) | E26: Valor(R$) | F26: Valor(R$) | G26: Valor(R$)
A27: A | B27: Salário Base | D27: =D20 -> 1709.65 | E27: =D21 -> 1709.65 | F27: =D22 -> 1709.65 | G27: =D23 -> 1709.65
A28: B | B28: Adicional de Periculosidade (Conforme CCT 30%) | D28: =30%*D27 -> 512.895 | F28: =30%*F27 -> 512.895 | G28: =30%*G27 -> 512.895
A29: C | B29: Adicional de Insalubridade (20% Grau médio NR 15)
A30: D | B30: Adicional Noturno
A31: E | B31: Adicional de Hora Noturna Reduzida
A32: F | B32: Gratificação Liderança (15% ou 30%) (Cláusula 16ª CCT)
B33: Total de Remuneração | D33: =SUM(D27:D32) -> 2222.545 | E33: =SUM(E27:E32) -> 1709.65 | F33: =SUM(F27:F32) -> 2222.545 | G33: =SUM(G27:G32) -> 2222.545
A35: MÓDULO 2: ENCARGOS E BENEFÍCIOS ANUAIS, MENSAIS E DIÁRIOS | D35: Operador de Roçadeira / Motopoda | E35: Auxiliar de Jardinagem | F35: Tratorista | G35: Operador MotoSerra
A36: Submódulo 2.1 - 13º (décimo terceiro) Salário, Férias e Adicional de Férias | D36: Valor(R$) | E36: Valor(R$) | F36: Valor(R$) | G36: Valor(R$)
A37: A | B37: 13º (décimo terceiro) Salário | D37: =D33*8.33% -> 185.138 | E37: =E33*8.33% -> 142.41385 | F37: =F33*8.33% -> 185.138 | G37: =G33*8.33% -> 185.138
A38: B | B38: Férias e Adicional de Férias | D38: =D33*12.1% -> 268.92795 | E38: =E33*12.1% -> 206.86765 | F38: =F33*12.1% -> 268.92795 | G38: =G33*12.1% -> 268.92795
B39: Total | D39: =SUM(D37:D38) -> 454.06594 | E39: =SUM(E37:E38) -> 349.2815 | F39: =SUM(F37:F38) -> 454.06594 | G39: =SUM(G37:G38) -> 454.06594
A40: C | B40: Incidência do Submódulo 2.2 - Encargos previdenciários (GPS), FGTS e outras contribuições (Cálculo sobre a remuneração, pois será adotada a Conta Vinculada) | D40: =D33*7.82% -> 173.80302 | E40: =E33*7.82% -> 133.69463 | F40: =F33*7.82% -> 173.80302 | G40: =G33*7.82% -> 173.80302
A42: Submódulo 2.2 - Encargos Previdenciários (GPS), Fundo de Garantia por Tempo de Serviço (FGTS) e outras contribuições | D42: Operador de Roçadeira / Motopoda | E42: Auxiliar de Jardinagem | F42: Tratorista | G42: Operador MotoSerra
A43: 2.2 | B43: GPS, FGTS e outras contribuições | C43: % | D43: Valor(R$) | E43: Valor(R$) | F43: Valor(R$) | G43: Valor(R$)
A44: A | B44: INSS | C44: 20 | D44: =(D33*($C$44/100)) -> 444.509 | E44: =(E33*($C$44/100)) -> 341.93 | F44: =(F33*($C$44/100)) -> 444.509 | G44: =(G33*($C$44/100)) -> 444.509
A45: B | B45: Salário Educação | C45: 2.5 | D45: =(D33*($C$45/100)) -> 55.563625 | E45: =(E33*($C$45/100)) -> 42.74125 | F45: =(F33*($C$45/100)) -> 55.563625 | G45: =(G33*($C$45/100)) -> 55.563625
A46: C | B46: Seguro acidente do trabalho | C46: 6 | D46: =(D$33*($C$46/100)) -> 133.3527 | E46: =(E$33*($C$46/100)) -> 102.579 | F46: =(F$33*($C$46/100)) -> 133.3527 | G46: =(G$33*($C$46/100)) -> 133.3527
A47: D | B47: SESI ou SESC | C47: 1.5 | D47: =(D$33*($C$47/100)) -> 33.338175 | E47: =(E$33*($C$47/100)) -> 25.64475 | F47: =(F$33*($C$47/100)) -> 33.338175 | G47: =(G$33*($C$47/100)) -> 33.338175
A48: E | B48: SENAI ou SENAC | C48: 1 | D48: =(D$33*($C$48/100)) -> 22.22545 | E48: =(E$33*($C$48/100)) -> 17.0965 | F48: =(F$33*($C$48/100)) -> 22.22545 | G48: =(G$33*($C$48/100)) -> 22.22545
A49: F | B49: SEBRAE | C49: 0.6 | D49: =(D$33*($C$49/100)) -> 13.33527 | E49: =(E$33*($C$49/100)) -> 10.2579 | F49: =(F$33*($C$49/100)) -> 13.33527 | G49: =(G$33*($C$49/100)) -> 13.33527
A50: G | B50: INCRA | C50: 0.2 | D50: =(D$33*($C$50/100)) -> 4.44509 | E50: =(E$33*($C$50/100)) -> 3.4193 | F50: =(F$33*($C$50/100)) -> 4.44509 | G50: =(G$33*($C$50/100)) -> 4.44509
A51: H | B51: FGTS | C51: 8 | D51: =(D$33*($C$51/100)) -> 177.8036 | E51: =(E$33*($C$51/100)) -> 136.772 | F51: =(F$33*($C$51/100)) -> 177.8036 | G51: =(G$33*($C$51/100)) -> 177.8036
B52: TOTAL | C52: =SUM(C44:C51) -> 39.8 | D52: =SUM(D44:D51) -> 884.57291 | E52: =SUM(E44:E51) -> 680.4407 | F52: =SUM(F44:F51) -> 884.57291 | G52: =SUM(G44:G51) -> 884.57291
B53: Itens não aplicáveis a Optantes do SIMPLES
A55: Submódulo 2.3 - Benefícios Mensais e Diários | D55: Operador de Roçadeira / Motopoda | E55: Auxiliar de Jardinagem | F55: Tratorista | G55: Operador MotoSerra
A56: 2.3 | B56: Benefícios Mensais e Diários | D56: Valor(R$) | E56: Valor(R$) | F56: Valor(R$) | G56: Valor(R$)
A57: A | B57: Transporte -Cláusula 23ª da CCT - considerando 2 passagens/dia (BUI) | D57: =(8.55*2*A20)-(6%*D20) -> 254.469 | E57: =(8.55*2*A21)-(6%*D21) -> 254.469 | F57: =(8.55*2*A22)-(6%*D22) -> 254.469 | G57: =(8.55*2*A23)-(6%*D23) -> 254.469
A58: B | B58: Ticket Alimentação - Cláusula 22ª da CCT | D58: =(23.5*A20)-(23.5*A20*10%) -> 441.612 | E58: =(23.5*A21)-(23.5*A21*10%) -> 441.612 | F58: =(23.5*A22)-(23.5*A22*10%) -> 441.612 | G58: =(23.5*A23)-(23.5*A23*10%) -> 441.612
A59: C | B59: Benefício Assistencial | D59: =F53 -> 0 | E59: =G53 -> 0 | G59: =H53 -> 0
A60: D | B60: Outros (Social Familiar) - Cláusula 28ª da CCT | D60: 20.15 | E60: 20.15 | F60: 20.15 | G60: 20.15
B61: Total de Benefícios Mensais e Diários | D61: =SUM(D57:D60) -> 716.231 | E61: =SUM(E57:E60) -> 716.231 | F61: =SUM(F57:F60) -> 716.231 | G61: =SUM(G57:G60) -> 716.231
A63: Quadro-Resumo do Módulo 2 - Encargos e Benefícios anuais, mensais e diários | D63: Operador de Roçadeira / Motopoda | E63: Auxiliar de Jardinagem | F63: Tratorista | G63: Operador MotoSerra
A64: 2 | B64: Encargos e Benefícios Anuais, Mensais e Diários | D64: Valor (R$) | E64: Valor (R$) | F64: Valor (R$) | G64: Valor (R$)
A65: 2.1 | B65: 13º (décimo terceiro) Salário, Férias e Adicional de Férias | D65: =D39 -> 454.06594 | E65: =E39 -> 349.2815 | F65: =F39 -> 454.06594 | G65: =G39 -> 454.06594
A66: 2.2 | B66: GPS, FGTS e outras contribuições | D66: =D52+D40 -> 1058.3759 | E66: =E52+E40 -> 814.13533 | F66: =F52+F40 -> 1058.3759 | G66: =G52+G40 -> 1058.3759
A67: 2.3 | B67: Benefícios Mensais e Diários | D67: =D61 -> 716.231 | E67: =E61 -> 716.231 | F67: =F61 -> 716.231 | G67: =G61 -> 716.231
B68: Total | D68: =SUM(D65:D67) -> 2228.6729 | E68: =SUM(E65:E67) -> 1879.6478 | F68: =SUM(F65:F67) -> 2228.6729 | G68: =SUM(G65:G67) -> 2228.6729
A70: MÓDULO 3: PROVISÃO PARA RESCISÃO | D70: Operador de Roçadeira / Motopoda | E70: Auxiliar de Jardinagem | F70: Tratorista | G70: Operador MotoSerra
A71: 3 | B71: Provisão para Rescisão | D71: Valor(R$) | E71: Valor(R$) | F71: Valor(R$) | G71: Valor(R$)
A72: A | B72: Aviso prévio indenizado | D72: =((D33+D37+D38)/12)*5% -> 11.152546 | E72: =((E33+E37+E38)/12)*5% -> 8.5788812 | F72: =((F33+F37+F38)/12)*5% -> 11.152546 | G72: =((G33+G37+G38)/12)*5% -> 11.152546
A73: B | B73: Incidência do FGTS sobre o Aviso Prévio Indenizado | D73: =((D33+D37)/12)*5%*8% -> 0.802561 | E73: =((E33+E37)/12)*5%*8% -> 0.61735462 | F73: =((F33+F37)/12)*5%*8% -> 0.802561 | G73: =((G33+G37)/12)*5%*8% -> 0.802561
A74: C | B74: Multa do FGTS e contribuição social sobre o aviso prévio indenizado | D74: 0 | E74: 0 | F74: 0 | G74: 0
A75: D | B75: Aviso prévio trabalhado | D75: =(((D33+D59)/30/12)*7) -> 43.216153 | E75: =(((E33+E59)/30/12)*7) -> 33.243194 | F75: =(((F33+F59)/30/12)*7) -> 43.216153 | G75: =(((G33+G59)/30/12)*7) -> 43.216153
A76: E | B76: Incidência de GPS, FGTS e outras contribuições sobre o aviso prévio trabalhado | D76: =(D33/30/12*7)*8% -> 3.4572922 | E76: =(E33/30/12*7)*8% -> 2.6594556 | F76: =(F33/30/12*7)*8% -> 3.4572922 | G76: =(G33/30/12*7)*8% -> 3.4572922
A77: F | B77: Multa do FGTS e contribuição social sobre o aviso prévio trabalhado | D77: =D33*4% -> 88.9018 | E77: =E33*4% -> 68.386 | F77: =F33*4% -> 88.9018 | G77: =G33*4% -> 88.9018
B78: TOTAL | D78: =SUM(D72:D77) -> 147.53035 | E78: =SUM(E72:E77) -> 113.48489 | F78: =SUM(F72:F77) -> 147.53035 | G78: =SUM(G72:G77) -> 147.53035
A80: MÓDULO 4: CUSTO DE REPOSIÇÃO DO PROFISSIONAL AUSENTE | D80: Operador de Roçadeira / Motopoda | E80: Auxiliar de Jardinagem | F80: Tratorista | G80: Operador MotoSerra
A81: 4.1 | B81: Submódulo 4.1. Ausências legais | D81: Valor(R$) | E81: Valor(R$) | F81: Valor(R$) | G81: Valor(R$)
A82: A | B82: Substituto na cobertura de férias | D82: 0 | E82: 0 | F82: 0 | G82: 0
A83: B | B83: Substituto na cobertura de Ausências legais | D83: =(((D33+D68+D78+D86+D107)-(D57-D58-D104-D105))/30*2.96)/12 -> 41.491608 | E83: =(((E33+E68+E78+E86+E107)-(E57-E58-E104-E105))/30*2.96)/12 -> 33.498985 | F83: =(((F33+F68+F78+F86+F107)-(F57-F58-F104-F105))/30*2.96)/12 -> 40.49275 | G83: =(((G33+G68+G78+G86+G107)-(G57-G58-G104-G105))/30*2.96)/12 -> 43.112638
A84: C | B84: Substituto na cobertura de Licença paternidade | D84: =(((D33+D68+D78+D86+D107)-(D57-D58-D104-D105))/30*5*1.5%)/12 -> 1.0513076 | E84: =(((E33+E68+E78+E86+E107)-(E57-E58-E104-E105))/30*5*1.5%)/12 -> 0.84879184 | F84: =(((F33+F68+F78+F86+F107)-(F57-F58-F104-F105))/30*5*1.5%)/12 -> 1.0259987 | G84: =(((G33+G68+G78+G86+G107)-(G57-G58-G104-G105))/30*5*1.5%)/12 -> 1.092381
A85: D | B85: Substituto na cobertura de Ausência por Acidente de trabalho | D85: =(((D33+D68+D78+D86+D107)-(D57-D58-D104-D105))/30*15*0.78%)/12 -> 1.6400399 | E85: =(((E33+E68+E78+E86+E107)-(E57-E58-E104-E105))/30*15*0.78%)/12 -> 1.3241153 | F85: =(((F33+F68+F78+F86+F107)-(F57-F58-F104-F105))/30*15*0.78%)/12 -> 1.600558 | G85: =(((G33+G68+G78+G86+G107)-(G57-G58-G104-G105))/30*15*0.78%)/12 -> 1.7041144
A86: E | B86: Substituto na cobertura de Afastamento Maternidade | D86: =(((D38*3.95/12)+(D60*3.95*1.02%))/12+((D33+D37)*39.8%*3.95)*1.02%/12) -> 10.661847 | E86: =(((E38*3.95/12)+(E60*3.95*1.02%))/12+((E33+E37)*39.8%*3.95)*1.02%/12) -> 8.2170333 | F86: =(((F38*3.95/12)+(F60*3.95*1.02%))/12+((F33+F37)*39.8%*3.95)*1.02%/12) -> 10.661847 | G86: =(((G38*3.95/12)+(G60*3.95*1.02%))/12+((G33+G37)*39.8%*3.95)*1.02%/12) -> 10.661847
A87: F | B87: Substituto na cobertura de outras ausências (especificar) | D87: 0 | E87: 0 | F87: 0 | G87: 0
B88: TOTAL | D88: =SUM(D82:D87) -> 54.844802 | E88: =SUM(E82:E87) -> 43.888925 | F88: =SUM(F82:F87) -> 53.781154 | G88: =SUM(G82:G87) -> 56.57098
A90: Submódulo 4.2 - Intrajornada | D90: Operador de Roçadeira / Motopoda | E90: Auxiliar de Jardinagem | F90: Tratorista | G90: Operador MotoSerra
A91: 4.2 | B91: Intrajornada | D91: Valor(R$) | E91: Valor(R$) | F91: Valor(R$) | G91: Valor(R$)
A92: A | B92: Intervalo para repouso ou alimentação | D92: 0 | E92: 0 | F92: 0 | G92: 0
B93: TOTAL | D93: 0 | E93: 0 | F93: 0 | G93: 0
A95: Quadro-Resumo do Módulo 4 - Custo de Reposição do Profissional Ausente | D95: Operador de Roçadeira / Motopoda | E95: Auxiliar de Jardinagem | F95: Tratorista | G95: Operador MotoSerra
A96: 4 | B96: Custo de reposição | D96: Valor (R$) | E96: Valor (R$) | F96: Valor (R$) | G96: Valor (R$)
A97: 4.1 | B97: Ausências legais | D97: =D88 -> 54.844802 | E97: =E88 -> 43.888925 | F97: =F88 -> 53.781154 | G97: =G88 -> 56.57098
A98: 4.2 | B98: Intrajornada | D98: 0 | E98: 0 | F98: 0 | G98: 0
B99: Total | D99: =SUM(D97:D98) -> 54.844802 | E99: =SUM(E97:E98) -> 43.888925 | F99: =SUM(F97:F98) -> 53.781154 | G99: =SUM(G97:G98) -> 56.57098
A101: MÓDULO 5: INSUMOS DIVERSOS | D101: Operador de Roçadeira / Motopoda | E101: Auxiliar de Jardinagem | F101: Tratorista | G101: Operador MotoSerra
A102: 5 | B102: Insumos Diversos | D102: Valor(R$) | E102: Valor(R$) | F102: Valor(R$) | G102: Valor(R$)
A103: A | B103: Uniformes E EPIS | D103: ='Anexo III-B Uniformes'!H27 -> 128.24083 | E103: ='Anexo III-B Uniformes'!H66 -> 85.195 | F103: ='Anexo III-B Uniformes'!H27 -> 128.24083 | G103: ='Anexo III-B Uniformes'!H51 -> 273.57583
A104: B | B104: Materiais | D104: ='Anexo III-C Materiais'!H45 -> 39.305219 | E104: ='Anexo III-C Materiais'!H29 -> 45.431556
A105: C | B105: Equipamentos | D105: ='Anexo III-A Equip.'!F16 -> 21.436123 | G105: ='Anexo III-A Equip.'!F26 -> 86.65
A106: D | B106: Outros
B107: Total de Insumos Diversos | D107: =SUM(D103:D106) -> 188.98218 | E107: =SUM(E103:E106) -> 130.62656 | F107: =SUM(F103:F106) -> 128.24083 | G107: =SUM(G103:G106) -> 360.22583
A109: MÓDULO 6: CUSTOS INDIRETOS, TRIBUTOS E LUCRO – (LUCRO PRESUMIDO) | D109: Operador de Roçadeira / Motopoda | E109: Auxiliar de Jardinagem | F109: Tratorista | G109: Operador MotoSerra
A110: 6 | B110: Custos Indiretos, Tributos e Lucro | C110: % | D110: Valor(R$) | E110: Valor(R$) | F110: Valor(R$) | G110: Valor(R$)
A111: A | B111: Custos Indiretos | C111: 4.8 | D111: =(D128)*$C$111/100 -> 232.44361 | E111: =(E128)*$C$111/100 -> 186.11031 | F111: =(F128)*$C$111/100 -> 229.47697 | G111: =(G128)*$C$111/100 -> 240.74616
A112: B | B112: Lucro | C112: 3.92 | D112: =(D128+D111)*$C$112/100 -> 198.94074 | E112: =(E128+E111)*$C$112/100 -> 159.28561 | F112: =(F128+F111)*$C$112/100 -> 196.40169 | G112: =(G128+G111)*$C$112/100 -> 206.04662
A113: C | B113: Tributos
B114: C.1) Tributos Federais (PIS = 0,65% e COFINS = 3%) | C114: =3+0.65 -> 3.65 | D114: =((D128+D111+D112)/(1-($C$114+$C$116)/100))*$C$114/100 -> 210.72745 | E114: =((E128+E111+E112)/(1-($C$114+$C$116)/100))*$C$114/100 -> 168.72286 | F114: =((F128+F111+F112)/(1-($C$114+$C$116)/100))*$C$114/100 -> 208.03797 | G114: =((G128+G111+G112)/(1-($C$114+$C$116)/100))*$C$114/100 -> 218.25433
B115: C.2) Tributos Estaduais (especificar)
...

Sheet Anexo IV B - Custo Total MDO
A1: (PLANILHA A SER FORNECIDA PELA PROPONENTE EM PAPEL TIMBRADO)
A2: EMPRESA (nome da empresa)
A3: CNPJ N.º : (n.º do CNPJ)
A4: ANEXO IV- B
A5: PLANILHA DE COMPOSIÇÃO DE CUSTOS E FORMAÇÃO DE PREÇOS (Anexo VII da I.N. da SLTI/MPOG n.º 5 de 26/Maio/2017
A6: Contratação de empresa para prestação de serviços continuados de Apoio Operacional, com regime de dedicação exclusiva de mão de obra, com fornecimento de materiais de reposição e atendimento das áreas verdes/jardins na Universidade Federal Fluminense (Niterói e interior do estado do RJ.)
A7: Processo 23069.161254/2024-90
A9: Custo total da contratação
A10: ITEM | B10: DISCRIMINAÇÃO DO POSTO | C10: POSTOS | D10: FUNCIONÁRIOS | E10: VALOR MENSAL POR POSTO | F10: TOTAL MENSAL | G10: TOTAL ANUAL | H10: TOTAL 24 MÊS
A11: 1 | B11: Operador de roçadeira / Moto Poda | C11: 19 | D11: =C11 -> 19 | E11: ='An IV A Custo G1'!D155 -> 6150.3901 | F11: =E11*C11 -> 116857.41 | G11: =12*F11 -> 1402289 | H11: =24*F11 -> 2804577.9
A12: 2 | B12: Auxiliar de Jardinagem | C12: 15 | D12: =C12 -> 15 | E12: ='An IV A Custo G1'!E155 -> 4924.4246 | F12: =E12*C12 -> 73866.369 | G12: =12*F12 -> 886396.43 | H12: =24*F12 -> 1772792.9
A13: 3 | B13: Tratorista | C13: 1 | D13: =C13 -> 1 | E13: ='An IV A Custo G1'!F155 -> 6071.8937 | F13: =E13*C13 -> 6071.8937 | G13: =12*F13 -> 72862.725 | H13: =24*F13 -> 145725.45
A14: 4 | B14: Operador de Moto-serra | C14: 2 | D14: =C14 -> 2 | E14: ='An IV A Custo G1'!G155 -> 6370.0733 | F14: =E14*C14 -> 12740.147 | G14: =12*F14 -> 152881.76 | H14: =24*F14 -> 305763.52
A15: TOTAL | C15: =SUM(C11:C14) -> 37 | D15: =SUM(D11:D14) -> 37 | F15: =SUM(F11:F14) -> 209535.82 | G15: =12*F15 -> 2514429.9 | H15: =SUM(H11:H14) -> 5028859.7
